 Dungeon Crawl Stone Soup version 0.19.0-11-g3fc08b3 (webtiles) character file.

1290 KarmaPolice the Bolt Thrower (level 8, -7/54 HPs)
             Began as a Halfling Hunter on Nov 9, 2016.
             Was a Believer of Okawaru.
             Mangled by Robin
             ... wielding a +0 spear of venom
              (9 damage)
             ... on level 4 of the Dungeon.
             The game lasted 00:24:51 (6941 turns).

KarmaPolice the Bolt Thrower (Halfling Hunter)      Turns: 6941, Time: 00:24:51

Health: -7/54      AC:  3    Str: 13    XL:     8   Next: 86%
Magic:  18/20      EV: 21    Int:  9    God:    Okawaru [**....]
Gold:   335        SH:  2    Dex: 17    Spells: 0 memorised, 7 levels left

rFire  . . .     SeeInvis .     z - +0 hand axe (venom)
rCold  . . .     Gourm    .     c - +0 leather armour
rNeg   . . .     Faith    .     (shield restricted)
rPois  .         Spirit   .     (no helmet)
rElec  .         Reflect  +     (no cloak)
rCorr  .         Harm     .     (no gloves)
MR     .....                    (no boots)
Stlth  +++.......               b - +2 amulet of reflection
                                (no ring)
                                i - ring of magical power

@: lethally poisoned (-7 -> -19), heroism
A: mutation resistance 1
a: Heroism, Renounce Religion


You were on level 4 of the Dungeon.
You worshipped Okawaru.
Okawaru was pleased with you.
You were not hungry.

You visited 1 branch of the dungeon, and saw 4 of its levels.
You also visited: Sewer.

You collected 335 gold pieces.

Inventory:

Hand Weapons
 a - a +1 hand crossbow
 x - a +2 short sword of holy wrath
 z - a +0 hand axe of venom (weapon)
Missiles
 d - 26 bolts
Armour
 c - a +0 leather armour (worn)
 C - a +2 robe of positive energy
Jewellery
 b - a +2 amulet of reflection (around neck)
 i - a ring of magical power (left hand)
 E - an uncursed amulet of magic regeneration
Scrolls
 e - a scroll of immolation {unknown}
 h - a scroll of enchant armour {unknown}
 j - a scroll of teleportation {unknown}
 o - a scroll of fog {unknown}
 q - 2 scrolls of amnesia {unknown}
 u - a scroll of remove curse
 v - 3 scrolls of blinking
 y - a scroll of enchant weapon {unknown}
Potions
 k - a potion of degeneration {unknown}
 p - a potion of might {unknown}
 r - a potion of magic {unknown}
 s - a potion of brilliance {unknown}
 w - a potion of invisibility {unknown}
 D - a potion of cancellation {unknown}
Comestibles
 f - 4 bread rations
 g - a beef jerky
 n - 2 fruits
 t - a slice of pizza
 A - a meat ration


   Skills:
 + Level 4.8(9.8) Fighting
 + Level 5.9(10.9) Short Blades
 + Level 6.9(11.9) Crossbows
 - Level 4.0(9.0) Dodging
 - Level 1.1(6.1) Stealth
 + Level 4.2 Invocations


You had 7 spell levels left.
You didn't know any spells.

Dungeon Overview and Level Annotations

Branches:
Dungeon (4/15)
 Temple: D:4-7

Altars:
Hepliaklqana
Kikubaaqudgha
Okawaru
Trog
Xom
The Shining One

Annotations:
D:4 Robin


Innate Abilities, Weirdness & Mutations

You are small and have problems with some larger weapons.
You are somewhat resistant to further mutation.


Message History

You feel sick. Robin hits you with a spear of venom!
* * * LOW HITPOINT WARNING * * *
You are more poisoned.
You feel better. Robin closely misses you.
You closely miss Robin.
Robin is moderately wounded.
The goblin no longer looks unusually strong.
Robin closely misses you. Robin hits you with a spear of venom.
* * * LOW HITPOINT WARNING * * *
You are poisoned.
You gain the combat prowess of a mighty hero.
You feel sick. Robin closely misses you. Robin hits you with a spear of venom.
* * * LOW HITPOINT WARNING * * *
You are more poisoned.
You barely miss Robin.
Robin is heavily wounded.
* * * LOW HITPOINT WARNING * * *
You feel sick. Robin completely misses you.
Robin hits you with a spear of venom!
You die...

.#.......#.##
.#.......#.#
....._...(.#
.#.......#.#
.#.......#.#
##.....##.#
.####.####.#
...........########
#######.>....[..@.#
###########g# #g#
#.# #.# #.#
#)).g.gg. #########


You could see Robin (berserk) and a goblin.

Vanquished Creatures
  Pikel (D:4)
  Menkaure (D:4)
  2 slaves (D:4)
  An ogre (D:4)
  A bullfrog (Sewer)
  An orc priest (D:4)
  A gnoll shaman (D:4)
  3 orc wizards
  A worker ant (D:4)
  8 adders
  9 gnolls
  10 oozes (Sewer)
  2 adder skeletons (D:4)
  3 worms (D:2)
  A dart slug (D:4)
  15 leopard geckos
  18 orcs
  3 bat zombies (D:4)
  16 giant cockroaches
  10 goblins
  2 hobgoblins
  13 jackals
  A quokka (D:4)
  6 ball pythons
  5 bats
  13 frilled lizards
  A jackal skeleton (D:3)
  2 kobolds
  11 rats
  2 rat zombies (D:4)
163 creatures vanquished.

Notes
Turn   | Place    | Note
-------+----------+-------------------------------------------
     0 | D:1      | KarmaPolice the Halfling Hunter began the quest for the Orb.
     0 | D:1      | Reached XP level 1. HP: 14/14 MP: 1/1
   172 | D:1      | Reached XP level 2. HP: 17/19 MP: 2/2
   219 | D:1      | Reached skill level 1 in Short Blades
   737 | D:2      | Reached XP level 3. HP: 18/24 MP: 3/3
  1033 | D:2      | Found an iron altar of Okawaru.
  1043 | D:2      | Became a worshipper of Warmaster Okawaru
  1463 | D:2      | Reached XP level 4. HP: 24/30 MP: 4/4
  2229 | D:2      | Found a hazy altar of Hepliaklqana.
  2660 | D:3      | Found a bloodstained altar of Trog.
  2680 | D:3      | Found a glowing drain.
  2717 | Sewer    | Entered a sewer
  2942 | Sewer    | Reached XP level 5. HP: 33/35 MP: 5/5
  3157 | Sewer    | Reached skill level 5 in Crossbows
  3582 | Sewer    | Reached XP level 6. HP: 28/42 MP: 6/6
  3692 | Sewer    | Reached skill level 1 in Invocations
  3692 | Sewer    | HP: 1/42 [adder (3)]
  4955 | D:3      | Found a shimmering altar of Xom.
  5270 | D:3      | Reached XP level 7. HP: 40/46 MP: 8/8
  5921 | D:4      | Noticed Menkaure
  6082 | D:4      | Killed Menkaure
  6082 | D:4      | Reached * piety under Okawaru
  6082 | D:4      | Reached skill level 6 in Crossbows
  6388 | D:4      | Found an ancient bone altar of Kikubaaqudgha.
  6522 | D:4      | Reached XP level 8. HP: 49/54 MP: 10/10
  6665 | D:4      | Noticed Pikel
  6696 | D:4      | Killed Pikel
  6696 | D:4      | Reached skill level 5 in Short Blades
  6875 | D:4      | Found a glowing golden altar of the Shining One.
  6923 | D:4      | Noticed Robin
  6925 | D:4      | Reached ** piety under Okawaru
  6937 | D:4      | HP: 2/54 [Robin/spear of venom (10)]
  6941 | D:4      | Mangled by Robin

Skill      XL: |  1  2  3  4  5  6  7  8 |
---------------+-------------------------+-----
Fighting       | 2 3 4 |  4.8
Short Blades   | 1 2 3 4 5 |  5.9
Dodging        | 3 4 |  4.0
Crossbows      | 5 6 |  6.9
Invocations    | 1 3 4 |  4.2
Stealth        | |  1.1

Action                   |  1- 3 |  4- 6 |  7- 9 || total
-------------------------+-------+-------+-------++-------
Melee: Short sword       |    79 |   405 |    57 ||   541
       Hand axe          |       |       |    58 ||    58
 Fire: Hand crossbow     |     7 |    43 |    38 ||    88
Invok: Heroism           |       |       |     3 ||     3
  Use: Scroll            |       |     2 |     3 ||     5
       Potion            |       |     1 |     1 ||     2
 Stab: Sleeping          |     3 |     1 |     3 ||     7
       Distracted        |       |     1 |       ||     1
  Eat: Chunk             |     2 |    13 |     5 ||    20
Armor: Leather armour    |    20 |    77 |    20 ||   117
Dodge: Dodged            |    87 |   318 |   120 ||   525
Block: Other             |       |       |     3 ||     3
